 Dungeon Crawl Stone Soup version 0.27.1-33-g824d729ab1 (webtiles) character file.

Game seed: 16925208903295114299

67 SensoryNuts the Cudgeller (level 3, 0/37 HPs)
             Began as a Troll Monk on Dec 6, 2021.
             Succumbed to a goblin's poison
             ... on level 3 of the Dungeon.
             The game lasted 00:01:41 (1201 turns).

SensoryNuts the Cudgeller (Troll Monk)              Turns: 1201, Time: 00:01:41

Health: 0/37       AC:  4    Str: 20    XL:     3   Next: 98%
Magic:  2/2        EV: 10    Int:  6    God:
Gold:   125        SH:  0    Dex: 12    Spells: 2/2 levels left

rFire    . . .     SeeInvis .   a - +0 mace
rCold    . . .     Faith    .   (no shield)
rNeg     . . .     Spirit   .   b - +0 robe
rPois    .         Reflect  .   (helmet restricted)
rElec    .         Harm     .   (no cloak)
rCorr    .         Rampage  .   (gloves unavailable)
Will     .....                  (boots unavailable)
Stlth    ++........             (no amulet)
HPRegen  1.12/turn              (no ring)
MPRegen  0.08/turn              (no ring)

@: lethally poisoned (0 -> -12)
A: large, unfitting armour, claws 3, regeneration 1, shaggy fur 1, tough skin 1
a: no special abilities


You were on level 3 of the Dungeon.
You visited 1 branch of the dungeon, and saw 3 of its levels.

You collected 125 gold pieces.

Inventory:

Hand Weapons
 a - a +0 mace (weapon)
Armour
 b - a +0 robe (worn)
Jewellery
 d - a ring of willpower
Scrolls
 c - a scroll of identify {unknown}
 e - a scroll of fear {unknown}
 f - a scroll of fog {unknown}
 g - a scroll of teleportation {unknown}
 h - a scroll of summoning {unknown}
Potions
 i - a potion of heal wounds {unknown}


   Skills:
 + Level 3.0 Fighting
 + Level 3.4 Maces & Flails
 + Level 2.8 Dodging
 + Level 1.1 Stealth


You had 2 spell levels left.
You didn't know any spells.
Your spell library contained the following spells:

 Spells                   Type           Power      Damage    Failure   Level
 Blink                    Tloc           N/A        N/A       58%         2
 Lesser Beckoning         Tloc           0%         N/A       83%         3
 Manifold Assault         Tloc           0%         N/A       100%        5


Dungeon Overview and Level Annotations

Branches:
Dungeon (3/15)

Altars:

Shops:
D:1 :[*?[


Innate Abilities, Weirdness & Mutations

You are too large for most types of armour.
You have claws for hands.
Your natural rate of healing is unusually fast.
You are covered in fur. (AC +1)
You have tough skin. (AC +1)


Message History

You hit the rat.
You kill the rat!
You feel sick. The goblin completely misses you.
The goblin hits you but does no damage.
You closely miss the orc.
You feel sick.
The goblin hits you with a +2 dagger of venom.
You are more poisoned.
The orc hits you but does no damage. The goblin hits you but does no damage.
The goblin barely misses you. The orc barely misses you.
You thump the orc!
You kill the orc!
You feel very sick. The goblin misses you.
The goblin hits you but does no damage.
You are more poisoned.
You hit the orc.
The orc is lightly wounded.
You feel very sick. The orc hits you with a +0 club.
The goblin hits you with a +0 dagger.
The goblin hits you with a +2 dagger of venom.
You are more poisoned.
The orc hits you with a +0 club.
You are too injured to fight recklessly!
You thump the goblin!
You kill the goblin!
* * * LOW HITPOINT WARNING * * *
You feel very sick. The goblin barely misses you. The orc closely misses you.
The endoplasm misses you.
You hit the endoplasm.
The endoplasm is heavily wounded.
* * * LOW HITPOINT WARNING * * *
You feel very sick. The goblin hits you but does no damage.
You are lethally poisoned!
The orc hits you with a +0 club.
* * * LOW HITPOINT WARNING * * *
The endoplasm hits you.
* * * LOW HITPOINT WARNING * * *
You closely miss the goblin.
You die...

.. .. #. # ####.
.# #.#....##....
..........#.#.##.#
......oJ#.#.#.#..
#@#.#.#.#.#
#.#####g#.#.#.#.##
#................
#######.#.#.#.#.#
.$.....†....#.#.#
#######.#.#.....#
#.#.#.#.#.#
#.#.#.#.#.#
#.#.#.#.#.#


You could see an orc, an endoplasm and a goblin.

Vanquished Creatures
  A worm (D:2)
  3 dart slugs
  3 orcs (D:3)
  2 endoplasms (D:1)
  A giant cockroach (D:1)
  5 goblins
  2 hobgoblins
  4 jackals (D:1)
  7 kobolds
  A quokka (D:2)
  7 ball pythons
  5 bats
  5 frilled lizards
  10 rats
56 creatures vanquished.

Notes
Turn   | Place    | Note
-------+----------+-------------------------------------------
     0 | D:1      | SensoryNuts the Troll Monk began the quest for the Orb.
     0 | D:1      | Reached XP level 1. HP: 22/22 MP: 0/0
    16 | D:1      | Found Juilerae's Assorted Antiques.
    77 | D:1      | Found Jiuts's Magic Scroll Emporium.
   110 | D:1      | Found Mimaedes's Armour Shop.
   162 | D:1      | Found Sunuipu's Book Shop.
   171 | D:1      | Reached XP level 2. HP: 28/29 MP: 1/1
   281 | D:1      | Found Ycuosore's Antique Armour Boutique.
   497 | D:2      | Reached XP level 3. HP: 29/36 MP: 2/2
  1201 | D:3      | Succumbed to a goblin's poison

Illustrated notes

Levels and vault maps discovered:
D:1:      lemuel_arrival_cross, layout_rooms, serial_shops, shop_scrolls, shop,
          shop, shop_coins, nicolae_square_shop
D:2:      layout_loops_ring, nicolae_underground_beach
D:3:      layout_basic, dancing_weapons_uskayaw, serial_forest,
          infiniplex_forest_corner_1, infiniplex_forest_lined_2,
          infiniplex_forest_lined_4_way, infiniplex_forest_lined_room_2,
          infiniplex_forest_pool, infiniplex_forest_clump_long,
          infiniplex_forest_clump_diagonal, infiniplex_forest_clump_small,
          infiniplex_forest_clump_small, minmay_puff

Skill      XL: |  1  2  3 |
---------------+----------+-----
Maces & Flails | 3 |  3.4
Fighting       | 3 |  3.0
Dodging        | |  2.8
Stealth        | |  1.1

Action                   || total
-------------------------++-------
Melee: Mace              ||   157
 Stab: Sleeping          ||     4
Armor: Robe              ||    91
Dodge: Dodged            ||   125
